 Dungeon Crawl Stone Soup version 0.30.0-13-g156ef70053 (webtiles) character file.

Game seed: 2839986089051193266

14345 Esekla the Reanimator (level 12, -5/79 HPs)
             Began as an Octopode Necromancer on May 17, 2023.
             Was an Initiate of Gozag.
             Slain by an ice devil (12 damage)
             ... on level 11 of the Dungeon.
             The game lasted 01:07:08 (11776 turns).

Esekla the Reanimator (Octopode Necromancer)       Turns: 11776, Time: 01:07:08

Health: -5/79      AC: 12    Str:  7    XL:     12   Next: 15%
Magic:  33/33      EV: 17    Int: 29    God:    Gozag
Gold:   745        SH:  0    Dex: 16    Spells: 19/27 levels left

rFire   + . .        a - +9 hand axe of Youthful Indiscretion {drain, rPois rF+}
rCold   . . .        (no shield)
rNeg    . . .        O - +0 hat
rPois   +            h - amulet of magic regeneration
rElec   .            b - ring of willpower
rCorr   .            y - +4 ring of protection
SInv    .            J - ring "Fymueh" {rPois Int+6 Dex+4}
Will    +....        K - ring of magical power
Stlth   +++++        (no ring)
HPRegen 0.33/turn    (no ring)
MPRegen 0.63/turn    (no ring)
                     (no ring)

%: no passive effects
@: ice-armoured
A: almost no armour, amphibious, 8 rings, camouflage 1, gelatinous body 1,
(nimble swimmer 1), tentacles
a: Renounce Religion, Potion Petition, Call Merchant, Bribe Branch


You were on level 11 of the Dungeon.
You worshipped Gozag.
Gozag was pleased with you.
You visited 2 branches of the dungeon, and saw 13 of its levels.
You also visited: Ossuary and Bailey.

You collected 2073 gold pieces.
You spent 1267 gold pieces at shops.
You paid 61 gold pieces to Gozag.

Inventory:

Hand Weapons
 a - the +9 hand axe of Youthful Indiscretion (weapon) {drain, rPois rF+}
   (You found it on level 2 of the Dungeon)

   rF:        It protects you from fire.
   rPois:     It protects you from poison.
 f - a +2 scimitar of flaming
 m - a +5 spear
 s - a +0 dagger
 A - a +5 battleaxe
Missiles
 i - 18 poisoned darts (quivered)
 l - 2 throwing nets
 o - 4 javelins
 I - 5 boomerangs
Armour
 O - a +0 hat (worn)
Jewellery
 b - a ring of willpower (left tentacle)
 h - an amulet of magic regeneration (around mantle)
 y - a +4 ring of protection (right tentacle)
 C - an amulet of reflection
 J - the ring "Fymueh" (on tentacle) {rPois Int+6 Dex+4}
   (You bought it in a shop on level 3 of the Dungeon)

   [ring of intelligence]

   Int:       It affects your intelligence (+6).
   Dex:       It affects your dexterity (+4).
   rPois:     It protects you from poison.
 K - a ring of magical power (on tentacle)
Wands
 F - a wand of acid (16)
 M - a wand of digging (5)
 N - a wand of flame (11)
Scrolls
 j - a scroll of enchant armour {unknown}
 n - a scroll of vulnerability {unknown}
 q - 2 scrolls of amnesia {unknown}
 t - a scroll of silence {unknown}
 u - 4 scrolls of poison
 x - 3 scrolls of enchant weapon
 B - 2 scrolls of fog {unknown}
 D - 2 scrolls of fear {unknown}
 E - 2 scrolls of magic mapping {unknown}
 L - a scroll of blinking {unknown}
Potions
 c - 4 potions of invisibility
 d - a potion of resistance
 e - 2 potions of haste
 k - a potion of magic
 p - 2 potions of ambrosia
 r - 2 potions of mutation
 v - a potion of heal wounds {unknown}
 w - 7 potions of brilliance
 z - 2 potions of flight
 G - a potion of curing


   Skills:
 * Level 6.0 Fighting
 + Level 1.3 Short Blades
 + Level 7.2 Axes
 + Level 3.1 Throwing
 * Level 7.7 Dodging
 + Level 8.4 Stealth
 + Level 1.6 Shields
 * Level 8.4 Spellcasting
 * Level 2.9 Conjurations
 * Level 9.3 Necromancy
 + Level 1.4 Translocations
 * Level 2.9 Ice Magic
 * Level 2.8 Air Magic


You had 19 spell levels left.
You knew the following spells:

 Your Spells              Type           Power      Damage    Failure   Level
a - Ozocubu's Armour      Ice            29%        N/A       3%          3
b - Necrotise             Necr           100%       1d9       1%          1
d - Vampiric Draining     Necr           61%        2d10      1%          3
p - Apportation           Tloc           40%        N/A       2%          1

Your spell library contained the following spells:

 Spells                   Type           Power      Damage    Failure   Level
 Agony                    Necr           61%        N/A       2%          5
 Summon Small Mammal      Summ           48%        N/A       4%          1
 Passwall                 Tmut/Erth      10%        N/A       7%          2
 Call Canine Familiar     Summ           12%        N/A       13%         3
 Summon Guardian Golem    Hex/Summ       12%        N/A       13%         3
 Freezing Cloud           Conj/Ice/Air   14%        6-21      36%         5
 Metabolic Englaciation   Hex/Ice        10%        N/A       54%         5
 Haunt                    Necr/Summ      19%        N/A       99%         7
 Infestation              Necr           30%        N/A       99%         8
 Animate Dead             Necr           Unusable   N/A       N/A         4
 Simulacrum               Ice/Necr       Unusable   N/A       N/A         6

Dungeon Overview and Level Annotations

Branches:
Dungeon (12/15)            Temple (1/1) D:4            Lair (0/5) D:11
Ossuary (visited)          Bailey (visited)
    Orc: D:9-12

Altars:
Ashenzari
Cheibriados
Dithmenos
Elyvilon
Fedhas
Gozag
Hepliaklqana
Kikubaaqudgha
Makhleb
Nemelex Xobeh
Okawaru
Qazlal
Ru
Sif Muna
Trog
Uskayaw
Vehumet
Wu Jian
Xom
Yredelemnul
Zin
The Shining One

Shops:
D:3 =

Portals:
Ice
Cave: D:11


Innate Abilities, Weirdness & Mutations

You cannot wear most types of armour.
You are amphibious.
You can wear up to eight rings at the same time.
Your skin changes colour to match your surroundings (Stealth+).
Your rubbery body absorbs attacks. (AC +1, EV +1)
((You are camouflaged when in or above water. (Stealth+)))
You have tentacles for arms and can constrict up to eight enemies at once.


Message History

The ice devil is moderately wounded.
You constrict the ice devil, but do no damage.
The ice devil closely misses you.
You hit the ice devil but do no damage.
The ice devil is moderately wounded.
You constrict the ice devil. The ice devil barely misses you.
You hit the ice devil.
You squeeze the ice devil, but do no damage.
The ice devil is heavily wounded.
You constrict the ice devil.
The ice devil hits you but does no damage.
You hit the ice devil.
The ice devil is heavily wounded.
You constrict the ice devil. The ice devil misses you.
You hit the ice devil but do no damage.
You squeeze the ice devil, but do no damage.
The ice devil is heavily wounded.
You constrict the ice devil, but do no damage.
The ice devil hits you. The ice devil freezes you!
You hit the ice devil.
The ice devil is severely wounded.
You constrict the ice devil. The ice devil hits you. The ice devil freezes you!
* * * LOW HITPOINT WARNING * * *
You completely miss the ice devil.
The ice devil is severely wounded.
You constrict the ice devil. The ice devil hits you.
* * * LOW HITPOINT WARNING * * *
The ice devil freezes you!
* * * LOW HITPOINT WARNING * * *
You feel better.
You constrict the ice devil. The ice devil completely misses you.
Okay, then.
You hit the ice devil but do no damage.
You squeeze the ice devil, but do no damage.
The ice devil is severely wounded.
You constrict the ice devil. The ice devil hits you.
* * * LOW HITPOINT WARNING * * *
The ice devil freezes you!
You die...
Your body crumbles into a pile of gold.

#.#......>####.####.####
#.##.##................#
#. #.#########.#####.#.#
#.# #..........#.####
#.######.##.............
#.................#.###.
######+#'########.#.# #.
#...# #...##.#.###.
##@## ###....#..... #4#
########### ... .....
#.....# #..∩..# #######


You could see an ice devil.

Vanquished Creatures
  Snorg (D:10)
  Erica (D:8)
  A two-headed ogre (D:9)
  Amaemon (D:9)
  Pikel (D:9)
  A deep elf pyromancer (Bailey)
  An orc knight (Bailey)
  Joseph (D:8)
  An orange demon (D:9)
  Psyche (D:8)
  A rime drake (D:11)
  A komodo dragon (D:11)
  An ice devil (D:11)
  2 trolls (D:10)
  Prince Ribbit (D:6)
  A hornet (D:9)
  Sigmund (D:5)
  5 wyverns
  A wraith (D:12)
  20 yaks
  Menkaure (D:5)
  2 acid dragons (D:9)
  3 ice beasts
  2 sky beasts
  2 black bears (D:7)
  7 orc warriors
  A wolf (D:11)
  5 centaurs
  A lemure (D:9)
  A kobold brigand (D:8)
  6 bullfrogs
  A gnoll sergeant (D:9)
  5 scorpions
  4 water moccasin zombies (Ossuary)
  4 wights (D:6)
  4 killer bees (D:7)
  3 howler monkeys
  3 hounds
  A jelly (D:5)
  2 orc priests
  2 iguanas (D:4)
  6 orc wizards
  2 mummies (Ossuary)
  9 gnolls
  8 adders
  2 white imps (D:7)
  An ufetubus (D:6)
  6 adder zombies (Ossuary)
  A worm (D:3)
  2 dart slugs
  25 orcs
  8 endoplasms
  3 giant cockroaches
  5 gnoll zombies (Ossuary)
  7 goblins
  6 hobgoblins
  8 jackals (D:1)
  4 quokkas
  14 ball pythons
  5 bats
  5 frilled lizards
  4 hobgoblin zombies (Ossuary)
  16 kobolds
  6 kobold zombies (Ossuary)
  6 orc zombies (Ossuary)
  A rat (D:3)
264 creatures vanquished.

Vanquished Creatures (others)
  An orc (D:8)
1 creature vanquished.

Grand Total: 265 creatures vanquished

Notes
Turn   | Place    | Note
-------+----------+-------------------------------------------
     0 | D:1      | Esekla the Octopode Necromancer began the quest for the
                  | Orb.
     0 | D:1      | Reached XP level 1. HP: 11/11 MP: 3/3
   322 | D:1      | Reached XP level 2. HP: 9/17 MP: 5/5
   434 | D:1      | Learned a level 1 spell: Apportation
   643 | D:1      | Reached XP level 3. HP: 15/21 MP: 6/6
   649 | D:1      | Learned a level 3 spell: Vampiric Draining
  1091 | D:2      | Identified the +9 hand axe of Youthful Indiscretion {drain,
                  | rPois rF+}
  1174 | D:2      | Reached XP level 4. HP: 24/27 MP: 7/7
  1806 | D:2      | Found a faded altar of an unknown god.
  2275 | D:3      | Found Wotzuran's Jewellery Boutique.
  2734 | D:4      | Noticed a scorpion
  2809 | D:4      | Reached XP level 5. HP: 28/32 MP: 1/9
  2963 | D:4      | Reached skill level 1 in Axes
  3028 | D:4      | Reached skill level 1 in Fighting
  3074 | D:4      | Found a staircase to the Ecumenical Temple.
  3083 | Temple   | Entered the Ecumenical Temple
  3266 | D:4      | Reached skill level 5 in Necromancy
  3266 | D:4      | Reached XP level 6. HP: 23/38 MP: 10/10
  3581 | D:5      | Entered Level 5 of the Dungeon
  3595 | D:5      | Found a sacrificial altar of Ru.
  3646 | D:5      | Found a stormy altar of Qazlal.
  3651 | D:5      | Found an opulent altar of Gozag.
  3657 | D:5      | Became a worshipper of Gozag Ym Sagoz the Greedy
  3690 | D:5      | Reached skill level 1 in Short Blades
  3730 | D:5      | Noticed an ice beast
  3737 | D:5      | Killed an ice beast
  3738 | D:5      | Reached skill level 5 in Stealth
  3738 | D:5      | Reached XP level 7. HP: 28/44 MP: 4/11
  3845 | D:5      | Noticed Menkaure
  4058 | D:5      | Found a bloodstained altar of Trog.
  4102 | D:5      | Noticed Sigmund
  4123 | D:5      | Killed Menkaure
  4330 | D:5      | Killed Sigmund
  4448 | D:6      | Noticed Prince Ribbit
  4453 | D:6      | Reached XP level 8. HP: 50/50 MP: 13/13
  4457 | D:6      | Killed Prince Ribbit
  4969 | D:6      | Reached skill level 6 in Necromancy
  5110 | D:7      | Noticed a wyvern
  5127 | D:6      | Killed a wyvern
  5496 | D:7      | Reached XP level 9. HP: 49/57 MP: 12/16
  5662 | D:7      | Reached skill level 5 in Spellcasting
  5885 | D:7      | Found a snail-covered altar of Cheibriados.
  5998 | D:7      | Reached skill level 5 in Dodging
  6180 | D:7      | Reached skill level 7 in Necromancy
  6328 | D:7      | Reached skill level 1 in Throwing
  6458 | D:7      | Reached skill level 1 in Translocations
  6775 | D:8      | Found a sand-covered staircase.
  6841 | D:8      | Reached skill level 5 in Axes
  6959 | Ossuary  | Entered an ossuary
  7108 | Ossuary  | Reached XP level 10. HP: 65/65 MP: 19/19
  7307 | D:3      | Bought the ring "Fymueh" {rPois Int+6 Dex+4} for 667 gold
                  | pieces
  7308 | D:3      | Bought a ring of magical power for 240 gold pieces
  7542 | D:8      | Noticed Erica
  7551 | D:8      | Killed Erica
  7595 | D:8      | Noticed Psyche
  7869 | D:9      | Noticed Amaemon
  7869 | D:9      | Noticed an orange demon
  7879 | D:9      | HP: 3/65 [orange demon[Amaemon] (7)]
  7884 | D:9      | Killed Amaemon
  7892 | D:9      | Killed an orange demon
  7893 | D:9      | Reached skill level 5 in Fighting
  7893 | D:9      | Reached skill level 1 in Shields
  8079 | D:9      | Noticed a two-headed ogre
  8117 | D:9      | Killed a two-headed ogre
  8118 | D:9      | Reached skill level 8 in Necromancy
  8180 | D:9      | Found a glowing golden altar of the Shining One.
  8233 | D:9      | Found a flagged portal.
  8258 | Bailey   | Entered a bailey
  8413 | Bailey   | Noticed an orc knight
  8445 | Bailey   | Reached XP level 11. HP: 41/72 MP: 21/21
  8574 | Bailey   | Killed an orc knight
  8605 | Bailey   | Found a large runed translucent door.
  8605 | Bailey   | Found a large runed translucent door.
  8607 | Bailey   | Noticed a deep elf pyromancer
  8641 | Bailey   | Killed a deep elf pyromancer
  8657 | Bailey   | Identified the +0 robe of the Wild Haggis {rC+ Int+3 Dex+4}
  8659 | Bailey   | Identified the +5 ring mail of Boiling Hail {Str+3}
  8662 | Bailey   | Got the Lessons on Tectonic Electricity
  9004 | D:9      | Noticed Pikel
  9012 | D:8      | Reached skill level 1 in Conjurations
  9021 | D:8      | Reached skill level 1 in Ice Magic
  9022 | D:8      | Noticed Joseph
  9280 | D:7      | Learned a level 3 spell: Ozocubu's Armour
  9397 | D:3      | Bought an amulet of magic regeneration for 360 gold pieces
  9670 | D:8      | Killed Joseph
  9907 | D:9      | Killed Pikel
  9908 | D:9      | Reached skill level 1 in Air Magic
  9982 | D:9      | Reached skill level 9 in Necromancy
 10147 | D:10     | Entered Level 10 of the Dungeon
 10147 | D:10     | Found a hide-covered altar of Uskayaw.
 10432 | D:10     | Noticed Snorg
 11055 | D:8      | Killed Psyche
 11292 | D:10     | Noticed a two-headed ogre
 11410 | D:10     | Killed Snorg
 11411 | D:10     | Reached XP level 12. HP: 78/78 MP: 24/24
 11456 | D:10     | You fall into a shaft and drop 2 floors!
 11610 | D:11     | Found a staircase to the Lair.
 11711 | D:11     | Found a frozen archway.
 11776 | D:11     | Slain by an ice devil

Illustrated notes

Levels and vault maps discovered:
D:1:      kennysheep_arrival_seaside, layout_rooms
D:2:      layout_basic, ebering_ecumenical_altar_rust
D:3:      layout_basic, serial_shops, shop
D:4:      layout_cave_pools, minmay_temple_entry_fiery
D:5:      layout_rooms, mainiacjoe_overflow_surrounded_room,
          nicolae_overflow_squiral, lemuel_doored_altar, uniq_menkaure,
          uniq_sigmund
D:6:      layout_loops_cross, minmay_holes, uniq_prince_ribbit1
D:7:      old_forge, layout_loops_ring, mainiacjoe_overflow_brackets,
          chequers_garden, nrook_loot_triangle, small_statue_intersection
D:8:      layout_loops_cross, enter_ossuary_2, amcnicky_mini_pool_small,
          uniq_joseph, uniq_erica, uniq_psyche
D:9:      layout_loops_cross, kennysheep_mini, enter_bailey_4, uniq_amaemon,
          uniq_pikel
D:10:     layout_basic, lemuel_crystal_altar, david_orc_4, uniq_snorg,
          uniq_harold
D:11:     layout_basic, hellmonk_lair_entry_icy, portal_ice_cave_demonic_guard
D:12:     gammafunk_wand_slinger, layout_basic, minmay_lindwurm_lava
Temple:   nicolae_temple_bog_church

Skill      XL: |  1  2  3  4  5  6  7  8  9 10 11 12 |
---------------+-------------------------------------+-----
Stealth        | 3 4 5 6 7 8 |  8.4
Axes           | 2 3 4 5 6 7 |  7.2
Fighting       | 1 2 3 4 5 6 |  6.0
Spellcasting   | 3 4 6 7 8 |  8.4
Necromancy     | 5 6 7 8 9 |  9.3
Short Blades   | 1 |  1.3
Dodging        | 3 4 5 6 7 |  7.7
Throwing       | 1 3 |  3.1
Translocations | 1 |  1.4
Shields        | 1 |  1.6
Conjurations   | 2 |  2.9
Ice Magic      | 2 |  2.9
Air Magic      | 2 |  2.8

Action                     |  1- 3 |  4- 6 |  7- 9 | 10-12 || total
---------------------------+-------+-------+-------+-------++-------
  Melee: Unarmed           |    24 |       |       |       ||    24
         Short sword       |    41 |       |       |       ||    41
         Tentacles         |    23 |     6 |    35 |    69 ||   133
         Constrict         |    25 |    12 |    46 |    30 ||   113
         Punch             |     2 |       |     4 |     8 ||    14
         Dagger            |    19 |     9 |    13 |    10 ||    51
         Hand axe          |     8 |    60 |   160 |   247 ||   475
  Throw: Javelin           |       |     2 |     2 |     4 ||     8
         Dart              |       |       |    14 |    62 ||    76
   Cast: Apportation       |     8 |       |    18 |     1 ||    27
         Vampiric Draining |       |     5 |    19 |    73 ||    97
         Ozocubu's Armour  |       |       |       |    11 ||    11
  Evoke: Wand              |       |       |       |     1 ||     1
    Use: Scroll            |       |       |       |    15 ||    15
         Potion            |       |       |       |     5 ||     5
   Stab: Sleeping          |     7 |    15 |    11 |    13 ||    46
         Distracted        |       |     1 |     2 |       ||     3
         Invisible         |       |       |       |     2 ||     2
 Armour: Skin              |     8 |     7 |    39 |    85 ||   139
  Dodge: Dodged            |    70 |    36 |   117 |   260 ||   483
  Block: Other             |       |       |     6 |    49 ||    55
         Reflection        |       |       |       |     2 ||     2
